AoeStats
← SW_Paul

Black Forest

510298824Analyzed
4v4 RM · 19h ago on Sep 30, 2026· 63m 28s· 8 players
Game mode
Random Map
Map size
Large (8 player)
Population
200
Speed
Normal
Resources
Standard
Victory
Conquest
Starting age
Dark Age
Ending age
Imperial Age
RankedLock teamsTeams togetherTeam positionsShared explorationLock speedFull tech treeHidden civsTurbo modeCheats
Victory
Defeat
🇨🇳 Varangians · China
1202
+14
🇨🇳 Bohemians · China
1202
+14
🇨🇳 Persians · China
1178
+14
🇦🇺 Wei · Australia
1097
+18
🇳🇱 Bohemians · Netherlands
1207
-17
🇦🇺 Saxons · Australia
1137
-15
🇦🇺 Wei · Australia
1118
-14
🇨🇳 Britons · China
1117
-14
zanzan114514
10:34 Feudal Age
14:20 Castle Age
13:49 Double-Bit Axe
13:46 Horse Collar
15:50 Wheelbarrow
16:20 Bow Saw
20:54 Heavy Plow
21:33 Hand Cart
23:47 Gold Mining
24:23 Stone Mining
24:57 Scale Mail Armor
25:35 Gold Shaft Mining
29:29 Imperial Age
26:44 Loom
27:38 Fletching
27:48 Padded Archer Armor
28:35 Ballistics
28:27 Bodkin Arrow
28:58 Town Watch
29:30 Leather Archer Armor
28:42 Crossbowman
29:30 Arbalester
29:52 Capped Ram
32:01 Two-Man Saw
31:25 Yeomen
31:50 Conscription
32:21 Coinage
32:12 Bracer
34:30 Banking
34:06 Town Patrol
34:37 Ring Archer Armor
35:17 Chemistry
44:29 Caravan
50:03 Elite Skirmisher
Seen Bean
8:01 Loom
11:21 Feudal Age
12:03 Horse Collar
12:13 Double-Bit Axe
18:08 Castle Age
20:06 Heavy Plow
20:03 Gold Mining
20:09 Stone Mining
23:18 Wheelbarrow
25:14 Scale Barding Armor
29:31 Imperial Age
28:22 Bow Saw
28:52 Bloodlines
30:45 Husbandry
30:13 Heavy Hei Guang Cavalry
32:01 Ming Guang Armor
33:16 Chain Barding Armor
34:16 Sanctity
34:12 Block Printing
34:58 Onager
40:14 Theocracy
44:32 Pikeman
45:15 Scale Mail Armor
45:26 Forging
45:06 Fletching
45:11 Halberdier
45:52 Squires
46:56 Chain Mail Armor
47:48 Illumination
48:08 Iron Casting
48:26 Arson
48:38 Bodkin Arrow
52:57 Light Cavalry
55:31 Blast Furnace
55:38 Chemistry
57:01 Tuntian
bvdb
0:57 Loom
14:54 Feudal Age
18:35 Castle Age
16:46 Double-Bit Axe
17:34 Horse Collar
19:36 Bow Saw
20:47 Heavy Plow
24:51 Fortified Wall
25:35 Fletching
31:39 Imperial Age
30:16 Masonry
30:44 Scale Mail Armor
31:52 Wheelbarrow
31:25 Pikeman
33:21 Chemistry
33:01 Padded Archer Armor
34:18 Halberdier
35:50 Chain Mail Armor
38:05 Conscription
37:53 Wagenburg Tactics
37:57 Squires
37:43 Arson
38:10 Forging
38:20 Houfnice
41:28 Hand Cart
40:59 Town Watch
41:52 Iron Casting
43:35 Leather Archer Armor
43:41 Caravan
44:58 Ballistics
50:16 Two-Man Saw
50:40 Siege Engineers
55:48 Plate Mail Armor
54:57 Elite Skirmisher
58:41 Blast Furnace
60:46 Ring Archer Armor
60:11 Bodkin Arrow
60:50 Architecture
62:38 Bracer
ufokinw0tm8
1:59 Loom
10:49 Feudal Age
15:08 Castle Age
13:45 Fletching
14:45 Loom
SW_Paul
8:26 Loom
13:04 Feudal Age
14:13 Double-Bit Axe
14:25 Horse Collar
14:38 Stone Mining
18:01 Castle Age
16:00 Gold Mining
16:31 Fletching
19:26 Bow Saw
25:10 Bodkin Arrow
26:05 Bloodlines
27:47 Wheelbarrow
27:25 Scale Barding Armor
31:51 Imperial Age
29:49 Forging
30:56 Hand Cart
31:48 Heavy Plow
32:52 Iron Casting
33:33 Stone Shaft Mining
33:23 Conscription
33:32 Man-at-Arms
33:36 Elite Jarl
34:14 Elite Skirmisher
34:55 Padded Archer Armor
34:58 Bracer
35:54 Chain Barding Armor
36:54 Blast Furnace
35:56 Padded Archer Armor
36:50 Fervor
37:43 Ballistics
37:03 Treadmill Crane
38:39 Chemistry
39:56 Leather Archer Armor
40:16 Plate Barding Armor
40:25 Scale Mail Armor
40:34 Siege Engineers
42:01 Capped Ram
43:36 Ring Archer Armor
44:07 Siege Ram
49:40 Scale Mail Armor
50:16 Murder Holes
50:32 Fortified Wall
51:02 Crop Rotation
51:33 Two-Man Saw
50:07 Light Cavalry
50:49 Husbandry
51:34 Chain Mail Armor
50:46 Cavalier
50:51 Vendel Legacy
53:18 Plate Mail Armor
53:55 Masonry
54:45 Plate Mail Armor
56:39 Coinage
62:30 Guilds
SW硬虎
6:00 Loom
10:47 Feudal Age
15:28 Castle Age
13:32 Double-Bit Axe
14:00 Horse Collar
14:43 Stone Mining
14:44 Gold Mining
15:50 Wheelbarrow
24:37 Bow Saw
24:52 Heavy Plow
27:09 Fervor
30:50 Imperial Age
29:30 Gold Shaft Mining
28:26 Crossbowman
30:29 Scale Barding Armor
30:35 Forging
30:27 Kamandaran
30:26 Fletching
30:37 Padded Archer Armor
30:30 Fletching
30:43 Padded Archer Armor
31:30 Conscription
31:40 Hand Cart
32:02 Thumb Ring
33:16 Chemistry
32:46 Bodkin Arrow
33:07 Leather Archer Armor
32:57 Scale Barding Armor
34:31 Forging
34:56 Ring Archer Armor
34:31 Scale Barding Armor
34:37 Forging
35:25 Ballistics
35:01 Murder Holes
36:10 Block Printing
36:45 Town Watch
37:29 Elite War Elephant
38:21 Caravan
40:20 Chain Barding Armor
40:35 Iron Casting
40:36 Town Patrol
46:49 Hoardings
47:15 Stone Shaft Mining
47:42 Two-Man Saw
47:41 Crop Rotation
47:38 Bloodlines
47:31 Husbandry
47:24 Light Cavalry
48:41 Plate Barding Armor
49:07 Blast Furnace
49:23 Coinage
49:41 Scale Mail Armor
50:38 Banking
51:25 Hussar
56:21 Guilds
62:13 Theocracy
61:25 Sappers
62:37 Citadels
MegaPanda
1:06 Loom
13:44 Feudal Age
14:16 Double-Bit Axe
14:13 Horse Collar
21:12 Castle Age
21:25 Castle Age
19:28 Gold Mining
26:43 Imperial Age
24:56 Heavy Plow
26:48 Bow Saw
30:08 Ballistics
33:04 Scale Barding Armor
33:09 Forging
33:34 Bloodlines
33:24 Husbandry
33:25 Heavy Hei Guang Cavalry
36:46 Chain Barding Armor
37:42 Iron Casting
38:43 Wheelbarrow
40:32 Blast Furnace
39:02 Elite Skirmisher
40:47 Chemistry
41:35 Fletching
41:45 Light Cavalry
M4A1
0:40 Loom
11:31 Feudal Age
16:12 Castle Age
14:19 Fletching
17:41 Double-Bit Axe
19:12 Horse Collar
24:21 Fervor
24:59 Wheelbarrow
25:57 Heavy Plow
27:36 Hand Cart
Connection lost

Rejoining the realm…

Still unreachable

The connection could not be restored.

Session expired

The server has moved on; the page needs a fresh start.